[Event "WYCC 2018 G14"]
[Site "Halkidiki"]
[Date "2018.10.20"]
[Round "1"]
[White "Nurgali, Nazerke"]
[Black "Gabbani, Sara"]
[Result "1-0"]
[ECO "D19"]
[WhiteElo "2263"]
[BlackElo "1764"]
[Annotator "NA"]
[PlyCount "83"]
[EventDate "2018.10.20"]
[EventType "swiss"]
[EventCountry "GRE"]
[SourceTitle "playchess.com"]
[Source "ChessBase"]
[SourceQuality "1"]
[TimeControl "40/5400+30:1800+30"]

1. d4 d5 2. Nf3 Nf6 3. c4 c6 4. Nc3 dxc4 5. a4 Bf5 6. e3 e6 7. Bxc4 Bb4 8. O-O O-O 9. Qe2 Bg4 10. h3 Bh5 11. Rd1 Nbd7 12. e4 {[%emt 0:01:02] D19: Slav Defence: 5 a4 Bf5 6 e3: Main line with 9 Qe2} Qe7 (12... Re8 13. Bf4 Nd5 14. Bd2 Qa5 15. g4 Bg6 16. Rac1 N5b6 17. Bb3 Rac8 18. Na2 Bxd2 19. Qxd2 Qxd2 20. Nxd2 {1-0 (58) Korobov,A (2647)-Vallejo Pons,F (2707) Nakhchivan 2011}) 13. Bf4 Bg6 14. Bd3 $146 ({Predecessor:} 14. Bg5 e5 15. d5 Rfe8 {½-½ (15) Bombek,P (2219)-Zatko,G (2188) Slovakia 2013}) 14... Rfd8 15. Rac1 Rac8 16. e5 Nd5 17. Nxd5 exd5 18. Bxg6 hxg6 19. Qd3 Nf8 20. Bg5 $14 f6 21. Bh4 g5 22. Bg3 Ne6 23. Rc2 Rf8 24. exf6 gxf6 25. Nh2 Qh7 26. Qb3 a5 27. Re2 Rce8 28. Qf3 Qe7 29. Kf1 Qh7 30. Qb3 Nxd4 31. Rxd4 Rxe2 32. Kxe2 Re8+ 33. Kf3 Qf5+ 34. Bf4 gxf4 35. Rxf4 Qh5+ 36. Ng4 f5 37. Kg3 Qg5 38. Rxf5 Qg6 39. Kh2 Re6 40. Qf3 Bd6+ 41. g3 Re1 42. Rf6 1-0

[Event "WYCC 2018 G14"]
[Site "Halkidiki"]
[Date "2018.10.20"]
[Round "1"]
[White "Caglar, Sila"]
[Black "Vuong, Quynh Anh"]
[Result "1/2-1/2"]
[ECO "B10"]
[WhiteElo "2184"]
[BlackElo "1747"]
[Annotator "NA"]
[PlyCount "114"]
[EventDate "2018.10.20"]
[EventType "swiss"]
[EventCountry "GRE"]
[SourceTitle "playchess.com"]
[Source "ChessBase"]
[SourceQuality "1"]
[TimeControl "40/5400+30:1800+30"]

1. e4 c6 2. c4 d5 3. exd5 cxd5 4. cxd5 Nf6 5. Nc3 Nxd5 6. Nf3 Nxc3 7. bxc3 Nc6 8. d4 e6 9. Bd3 Be7 10. O-O h6 $16 11. Qe2 Nb8 12. Ne5 Nd7 13. Re1 Nxe5 14. dxe5 Bd7 15. Qg4 Qc7 16. Be3 Bc5 17. Qc4 Rc8 18. Qf4 Bxe3 19. Rxe3 Qxc3 20. Rf1 Qc5 21. Rg3 Qf8 22. h3 Bc6 23. Qd4 a6 24. Rc1 Rd8 25. Qc3 Bd7 26. Qb3 Rc8 27. Rd1 Bc6 28. Bc4 Qe7 29. Rxg7 Kf8 30. Rg4 Rg8 31. Rdd4 Rg5 32. Qe3 Rd8 33. Rdf4 b5 34. Bb3 Bd5 35. Rf6 Rxg4 36. hxg4 Bxb3 37. Rxh6 Kg7 38. axb3 Rg8 39. Rf6 Kf8 40. g5 Qc7 41. Qf4 Ke8 42. g3 Qb7 43. Qh4 Qd7 44. Qh5 a5 45. Kh2 a4 46. bxa4 bxa4 47. Qh7 Rg6 48. Rf3 Qa7 49. Qh8+ Ke7 50. Rxf7+ Kxf7 51. Qh7+ Rg7 52. g6+ Kf8 53. Qh8+ Rg8 54. Qf6+ Ke8 55. Qxe6+ Kf8 56. Qf6+ Ke8 57. Qe6+ Kf8 1/2-1/2

[Event "WYCC 2018 G14"]
[Site "Halkidiki"]
[Date "2018.10.20"]
[Round "1"]
[White "Song, Yuxin"]
[Black "Kurmangaliyeva, Liya"]
[Result "1-0"]
[ECO "B24"]
[WhiteElo "2178"]
[BlackElo "1733"]
[Annotator "NA"]
[PlyCount "53"]
[EventDate "2018.10.20"]
[EventType "swiss"]
[EventCountry "GRE"]
[SourceTitle "playchess.com"]
[Source "ChessBase"]
[SourceQuality "1"]
[TimeControl "40/5400+30:1800+30"]

1. e4 c5 2. Nc3 Nc6 3. Nf3 e5 4. Bc4 d6 5. d3 h6 6. O-O Nf6 7. a3 Be7 8. h3 O-O 9. Be3 a6 10. Nd2 Be6 11. f4 exf4 $11 12. Bxf4 d5 13. exd5 Nxd5 14. Nxd5 Bxd5 15. Qg4 Bxc4 16. Nxc4 Qd4+ 17. Kh1 Rad8 18. Rad1 b5 19. Ne3 Ne5 20. Bxe5 Qxe5 21. Nf5 Bg5 22. h4 Bf6 23. d4 cxd4 24. Rde1 Qd5 25. Nxh6+ Kh7 26. Rxf6 gxf6 27. Nf5 1-0

[Event "WYCC 2018 G14"]
[Site "Halkidiki"]
[Date "2018.10.20"]
[Round "1"]
[White "Galvan Cipriani, Viviana"]
[Black "Yedigaryan, Asya"]
[Result "1-0"]
[ECO "A21"]
[WhiteElo "2109"]
[BlackElo "1726"]
[Annotator "NA"]
[PlyCount "61"]
[EventDate "2018.10.20"]
[EventType "swiss"]
[EventCountry "GRE"]
[SourceTitle "playchess.com"]
[Source "ChessBase"]
[SourceQuality "1"]
[TimeControl "40/5400+30:1800+30"]

1. c4 e5 2. Nc3 c5 3. g3 Nc6 4. Bg2 g6 5. e3 Bg7 6. Nge2 Nge7 7. a3 O-O 8. O-O d6 9. Rb1 f5 10. d3 g5 11. f4 gxf4 12. exf4 a5 13. Be3 Rb8 14. fxe5 Nxe5 15. b4 Ng4 16. Bd2 cxb4 17. axb4 Nc6 18. h3 Nge5 $18 (18... axb4 $16 19. Nd5 (19. hxg4 bxc3 20. Bxc3 Bxc3 $14) 19... Nge5) 19. bxa5 Nxa5 20. Nb5 Nac6 21. Nf4 Ng6 22. Nh5 Be5 23. Bd5+ Kh8 24. Bh6 Re8 25. d4 Bf6 26. g4 Rg8 27. Bxg8 Kxg8 28. gxf5 Nh4 29. Qg4+ Kf7 30. Nxf6 Qxf6 31. Bg5 1-0

[Event "WYCC 2018 G14"]
[Site "Halkidiki"]
[Date "2018.10.20"]
[Round "1"]
[White "Krasteva, Beloslava"]
[Black "Villanyi, Alexia"]
[Result "1-0"]
[ECO "E93"]
[WhiteElo "2089"]
[BlackElo "1709"]
[Annotator "NA"]
[PlyCount "77"]
[EventDate "2018.10.20"]
[EventType "swiss"]
[EventCountry "GRE"]
[SourceTitle "playchess.com"]
[Source "ChessBase"]
[SourceQuality "1"]
[TimeControl "40/5400+30:1800+30"]

1. d4 Nf6 2. c4 g6 3. Nc3 Bg7 4. e4 d6 5. Nf3 O-O 6. Be2 e5 7. d5 Nbd7 8. Be3 Nc5 9. Nd2 a5 10. a3 b6 {[%emt 0:15:03] E93: King's Indian: Classical: Petrosian System with 7...Nbd7} (10... Bd7 11. b4 axb4 12. axb4 Na6 13. Rb1 c6 14. O-O cxd5 15. cxd5 Nc7 16. b5 Kh8 17. Nc4 Nce8 18. Ra1 {1-0 (82) Wojtaszek,R (2715)-Fier,A (2580) Dubai 2014}) 11. b4 Ncd7 12. O-O axb4 $146 ({Predecessor:} 12... Ne8 13. Nb3 f5 14. f3 f4 15. Bf2 g5 16. c5 a4 17. Nd2 bxc5 18. Nxa4 cxb4 19. axb4 {1-0 (48) Sinkovics,P (2410)-Klemanic,E (2220) Sarospatak 1995}) 13. axb4 Bb7 14. Qb3 Qe7 15. Nb5 Rfc8 16. Rxa8 Bxa8 17. Ra1 Qd8 18. Ra7 Ne8 19. Bg4 Rb8 20. Qa4 Ndf6 21. Be2 $16 Bb7 22. f3 Nh5 23. c5 bxc5 24. bxc5 Nf4 25. Bxf4 exf4 26. c6 Bc8 27. Ra8 Rxa8 28. Qxa8 Kf8 29. Nb3 f5 30. Bf1 fxe4 31. Na7 Qh4 32. Nxc8 exf3 33. Qa2 Qg4 34. Na7 Qg5 35. Qd2 Nf6 36. Nd4 Kg8 37. Nxf3 Qf5 38. Nb5 Ne4 39. Qc2 1-0

[Event "WYCC 2018 G14"]
[Site "Halkidiki"]
[Date "2018.10.20"]
[Round "1"]
[White "Jyothsna L"]
[Black "Kostina, Veronika"]
[Result "1-0"]
[ECO "A46"]
[WhiteElo "2060"]
[BlackElo "1700"]
[Annotator "NA"]
[PlyCount "61"]
[EventDate "2018.10.20"]
[EventType "swiss"]
[EventCountry "GRE"]
[SourceTitle "playchess.com"]
[Source "ChessBase"]
[SourceQuality "1"]
[TimeControl "40/5400+30:1800+30"]

1. d4 Nf6 2. Nf3 e6 3. c4 c5 4. d5 d6 5. Nc3 e5 6. e4 Be7 7. Bd3 O-O $16 8. h3 Na6 9. Ne2 Nb4 10. Bb1 Bd7 11. a3 Na6 12. Bd3 Qe8 13. Nc3 Nc7 14. a4 Na6 15. O-O Nb4 16. Bb1 Qc8 17. Nh2 Re8 18. f4 Bf8 19. f5 Kh8 20. g4 Ng8 21. g5 g6 22. Qg4 Bg7 23. Qh4 Qd8 24. Ne2 h5 25. f6 Bf8 26. Ng3 Qc8 27. Nxh5 gxh5 28. Qxh5+ Nh6 29. gxh6 Bxh3 30. Rf3 Bd7 31. h7 1-0

[Event "WYCC 2018 G14"]
[Site "Halkidiki"]
[Date "2018.10.20"]
[Round "1"]
[White "Mironenko, Galina"]
[Black "Mocanu, Paula"]
[Result "1/2-1/2"]
[ECO "D02"]
[WhiteElo "2053"]
[BlackElo "1680"]
[Annotator "NA"]
[PlyCount "52"]
[EventDate "2018.10.20"]
[EventType "swiss"]
[EventCountry "GRE"]
[SourceTitle "playchess.com"]
[Source "ChessBase"]
[SourceQuality "1"]
[TimeControl "40/5400+30:1800+30"]

1. d4 d5 2. Nf3 Nf6 3. g3 e6 4. Bg2 Bb4+ 5. c3 Be7 6. O-O O-O 7. c4 b6 8. cxd5 exd5 9. Nc3 Bb7 10. Ne5 Na6 11. Bg5 h6 12. Bf4 c5 13. Rc1 Nc7 14. dxc5 bxc5 15. Qa4 Ne6 $11 16. Rfd1 Nxf4 17. gxf4 Bd6 18. Nxd5 Bxe5 19. Nxf6+ Qxf6 20. fxe5 Qg5 21. e4 Qxe5 22. Qb5 Rab8 23. Rxc5 Qf6 24. Qa5 Qxb2 25. Rb5 Qe2 26. Rdb1 Rfd8 1/2-1/2

[Event "WYCC 2018 G14"]
[Site "Halkidiki"]
[Date "2018.10.20"]
[Round "1"]
[White "Wikar, Martyna"]
[Black "Hernandez Guerra, Luna Yue"]
[Result "1-0"]
[ECO "A85"]
[WhiteElo "2024"]
[BlackElo "1659"]
[Annotator "NA"]
[PlyCount "159"]
[EventDate "2018.10.20"]
[EventType "swiss"]
[EventCountry "GRE"]
[SourceTitle "playchess.com"]
[Source "ChessBase"]
[SourceQuality "1"]
[TimeControl "40/5400+30:1800+30"]

1. d4 f5 2. c4 Nf6 3. Nc3 d6 4. Nf3 g6 5. Bg5 Bg7 6. e3 O-O 7. Bd3 c6 {[%emt 0:01:24] A85: Holländische Verteidigung} (7... Nbd7 8. d5 Ng4 9. Nd4 Nc5 10. Be2 Ne5 11. f4 Nf7 12. Bh4 a5 13. O-O Bd7 14. Bf3 Qe8 15. Re1 {½-½ (50) Toth,E (2392)-Nemeth,M (2469) Hungary 2010}) 8. Qc2 Qc7 9. O-O-O $146 ({Vorgänger:} 9. Be2 e5 10. Bxf6 Bxf6 11. h4 a6 12. O-O-O e4 13. Nd2 Be6 14. g4 Qe7 15. gxf5 gxf5 16. h5 Nd7 17. Kb1 Kh8 18. Nf1 {½-½ (18) Szatmary,R (2161)-Csukerda,A (2131) Hungary 2003}) 9... Bd7 10. h4 e6 11. Bxf6 Bxf6 12. h5 g5 13. g4 Na6 14. a3 Rae8 15. gxf5 exf5 16. Rdg1 h6 17. Nh4 Bg7 18. Nxf5 Bxf5 19. Bxf5 Qe7 20. Bg6 Rc8 21. Rg4 d5 22. Qe2 Nb8 23. Kb1 Qe6 24. Rhg1 Nd7 25. f4 Nf6 26. R4g3 gxf4 27. exf4 Qxe2 28. Nxe2 Rc7 29. b3 Re7 30. R1g2 Rd8 31. Kc2 Kf8 32. Kd3 Rdd7 33. Re3 Bh8 34. Rxe7 Rxe7 35. Rg1 Bg7 36. Nc3 Bh8 37. cxd5 Nxd5 38. Nxd5 cxd5 39. Rc1 Bf6 40. Rc5 Rd7 41. Bf5 Rd8 42. Rc7 Be7 43. Rxb7 Bxa3 44. Rxa7 Bd6 45. Be6 Ke8 46. Bf7+ Kf8 47. Bxd5 Bxf4 48. Rf7+ Ke8 49. Rxf4 Rxd5 50. Rh4 Kd7 51. Kc4 Kd6 52. Rh1 Rg5 53. Rh2 Rf5 54. b4 Kc6 55. Rg2 Rxh5 56. Rg6+ Kc7 57. b5 Rh1 58. Kc5 Rc1+ 59. Kd5 h5 60. Rh6 Rb1 61. Rh7+ Kb6 62. Kd6 Rh1 63. d5 h4 64. Ke7 h3 65. d6 h2 66. Kd7 Kxb5 67. Rh3 Kb4 68. Rh8 Kb5 69. Rb8+ Ka5 70. Rb2 Ka4 71. Re2 Kb5 72. Ke7 Kc6 73. d7 Rg1 74. d8=Q Rg7+ 75. Kf6 h1=Q 76. Re6+ Kb5 77. Kxg7 Qa1+ 78. Qf6 Qa7+ 79. Re7 Qg1+ 80. Kf7 1-0

[Event "WYCC 2018 G14"]
[Site "Halkidiki"]
[Date "2018.10.20"]
[Round "1"]
[White "Toncheva, Nadya"]
[Black "Figueroa Bernal, Julia Dennis"]
[Result "0-1"]
[ECO "E44"]
[WhiteElo "2002"]
[BlackElo "1650"]
[Annotator "NA"]
[PlyCount "80"]
[EventDate "2018.10.20"]
[EventType "swiss"]
[EventCountry "GRE"]
[SourceTitle "playchess.com"]
[Source "ChessBase"]
[SourceQuality "1"]
[TimeControl "40/5400+30:1800+30"]

1. d4 Nf6 2. c4 e6 3. Nc3 Bb4 4. e3 b6 5. Nge2 Bb7 6. a3 Be7 7. Nf4 O-O 8. Bd3 d6 9. e4 Nbd7 10. Bc2 c6 11. O-O e5 12. Nfe2 Re8 13. d5 Bf8 14. Bg5 $14 h6 15. Be3 Ng4 16. Bd2 g6 17. f3 Ngf6 18. Kh1 cxd5 19. exd5 Rc8 20. b3 a6 21. a4 Bg7 22. Ng3 Kh8 23. Nge4 Qe7 24. Qc1 Ng8 25. Qa3 Nc5 26. a5 f5 27. Nf2 bxa5 28. Qxa5 Qd8 29. Qa2 Ne7 30. b4 Nd7 31. Bd3 Nb6 32. Qb3 Qc7 33. c5 dxc5 34. bxc5 Nbxd5 35. Bxa6 Bxa6 36. Nxd5 Nxd5 37. Rxa6 Qxc5 38. Ra5 Qb6 39. Qxd5 Red8 40. Qa2 Qxf2 0-1

[Event "WYCC 2018 G14"]
[Site "Halkidiki"]
[Date "2018.10.20"]
[Round "1"]
[White "Guillo Longares, Cecilia"]
[Black "Yellamraju, Ambica"]
[Result "1/2-1/2"]
[ECO "D59"]
[WhiteElo "1998"]
[BlackElo "1647"]
[Annotator "NA RC"]
[PlyCount "182"]
[EventDate "2018.10.20"]
[EventType "swiss"]
[EventCountry "GRE"]
[SourceTitle "playchess.com"]
[Source "ChessBase"]
[SourceQuality "1"]
[TimeControl "40/5400+30:1800+30"]

1. d4 d5 2. c4 e6 3. Nc3 Be7 4. Nf3 Nf6 5. Bg5 O-O 6. e3 h6 7. Bh4 b6 8. cxd5 Nxd5 9. Nxd5 {[%emt 0:01:03] D59: Queen's Gambit Declined: Tartakower Defence: Main line (8 cxd5 Nxd5)} (9. Bxe7 Qxe7 10. Rc1 Bb7 11. Be2 Rc8 12. O-O Nxc3 13. Rxc3 Nd7 14. Qa4 c5 15. Rfc1 cxd4 16. Rxc8+ Rxc8 17. Rxc8+ Bxc8 18. Nxd4 Nc5 19. Qa3 a5 20. Nb3 e5 21. Nxc5 Qxc5 22. Qxc5 bxc5 {½-½ (31) Akobian,V (2640)-Ganguly,S (2657) Saint Louis 2018}) 9... Bxh4 10. Nxh4 Qxd5 11. Qd2 $146 ({Predecessor:} 11. Be2 Qa5+ 12. Qd2 Qg5 13. Nf3 Qxg2 14. Rg1 Qh3 15. Rg3 Qf5 16. Bd3 Qf6 {1-0 (33) Magat,J (2066)-Gazik,R (2203) Slovakia 2009}) 11... Bb7 12. Be2 Qd8 13. Bf3 Bxf3 14. Nxf3 Qd5 15. Rc1 Rc8 16. b3 Nd7 17. O-O c5 18. Rc4 b5 19. Rc2 c4 20. Rfc1 Nb6 21. bxc4 Nxc4 22. Qe2 Nd6 23. Rc5 Rxc5 24. Rxc5 Qb7 25. Ne5 a6 26. Qc2 Rc8 27. Nc6 Kh8 28. h3 f6 29. Ne7 Rxc5 30. Ng6+ Kg8 31. Qxc5 Qd7 32. Qb6 Kf7 33. Nf4 g5 34. Nd3 Ne8 35. Qxa6 Nc7 36. Qb7 Qd6 37. Nc5 Kg6 38. Qc8 Qe7 39. Nd7 Ne8 40. e4 Kf7 41. Qc6 Qb4 42. Nc5 Ng7 43. Qd7+ Kg6 44. g3 e5 45. Kg2 exd4 46. Nb3 Qa4 47. Nxd4 Qxa2 48. Nf5 Qf7 49. Qxb5 Qe6 50. Qd5 Qxd5 51. Ne7+ Kf7 52. Nxd5 Ke6 53. Ne3 Ke5 54. f3 h5 55. Nc4+ Kd4 56. Nb6 f5 57. exf5 Nxf5 58. Nd7 Ke3 59. g4 hxg4 60. fxg4 Ng7 61. Nf8 Ke2 62. Kg3 Ke3 63. Nh7 Ne6 64. Nf6 Nf4 65. Nh5 Ne6 66. Nf6 Nf4 67. Nd7 Ne2+ 68. Kg2 Nf4+ 69. Kh2 Ne6 70. Ne5 Kf4 71. Ng6+ Kf3 72. Ne7 Kf2 73. Nf5 Kf3 74. Nd6 Kf2 75. Nc4 Kf3 76. Nd2+ Kf2 77. h4 gxh4 78. Kh3 Ke3 79. Nc4+ Kd4 80. Nd6 Ke5 81. Ne8 Nf8 82. Kxh4 Ke6 83. Kh5 Kf7 84. Nd6+ Kg7 85. Nf5+ Kf6 86. Kh6 Ne6 $11 87. Nd6 Ke5 88. Nc4+ Kf4 89. Kh5 Ng7+ 90. Kh4 Nf5+ 91. Kh3 Nh6 1/2-1/2

[Event "WYCC 2018 G14"]
[Site "Halkidiki"]
[Date "2018.10.20"]
[Round "1"]
[White "Eizaguerri Floris, Maria"]
[Black "Sosovickova, Jana"]
[Result "1-0"]
[ECO "C54"]
[WhiteElo "1987"]
[BlackElo "1627"]
[Annotator "NA"]
[PlyCount "53"]
[EventDate "2018.10.20"]
[EventType "swiss"]
[EventCountry "GRE"]
[SourceTitle "playchess.com"]
[Source "ChessBase"]
[SourceQuality "1"]
[TimeControl "40/5400+30:1800+30"]

1. e4 e5 2. Nf3 Nc6 3. Bc4 Bc5 4. c3 Nf6 5. d3 a6 6. O-O O-O 7. Bb3 h6 8. Nbd2 Ba7 9. Re1 d6 10. Nf1 Be6 11. Ng3 Qd7 12. Bc2 Ne7 13. d4 Ng6 14. Nf5 exd4 15. N3xd4 Bxf5 16. Nxf5 Ne7 17. e5 Ne8 18. Qg4 Nxf5 19. Bxf5 Qe7 20. Bxh6 dxe5 21. Bg5 Qd6 22. Qh4 g6 23. Be7 Qb6 24. Bxf8 gxf5 25. Ba3 e4 26. Re3 Qf6 27. Rg3+ 1-0

[Event "WYCC 2018 G14"]
[Site "Halkidiki"]
[Date "2018.10.20"]
[Round "1"]
[White "Stepanyan, Eva"]
[Black "Arauco Celestino, Arianna Sofia"]
[Result "1-0"]
[ECO "C10"]
[WhiteElo "1981"]
[BlackElo "1610"]
[Annotator "NA"]
[PlyCount "67"]
[EventDate "2018.10.20"]
[EventType "swiss"]
[EventCountry "GRE"]
[SourceTitle "playchess.com"]
[Source "ChessBase"]
[SourceQuality "1"]
[TimeControl "40/5400+30:1800+30"]

1. e4 e6 2. d4 d5 3. Nd2 dxe4 4. Nxe4 Bd7 5. Nf3 Bc6 6. Ng3 Nd7 7. Bd3 Ngf6 8. Qe2 Be7 9. Bb5 Bxf3 10. Qxf3 c6 11. Bd3 Qb6 12. c3 O-O 13. O-O Rfd8 14. Qe2 c5 15. Be3 cxd4 16. Bxd4 Bc5 17. Bxc5 Nxc5 18. Bc2 Kh8 19. b4 Ncd7 20. a3 a5 21. Rfb1 Qc7 22. c4 Nb6 23. c5 Nbd5 24. Ne4 Nxe4 25. Qxe4 Nf6 26. Qe2 Rd4 27. Rd1 Rxd1+ 28. Rxd1 axb4 29. axb4 Nd5 30. Qe4 g6 31. Bb3 Qc6 32. h3 Rd8 33. h4 Kg7 34. h5 1-0

[Event "WYCC 2018 G14"]
[Site "Halkidiki"]
[Date "2018.10.20"]
[Round "1"]
[White "Ziegenfuss, Antonia"]
[Black "Tryggestad, Linnea Garberg"]
[Result "1-0"]
[ECO "D31"]
[WhiteElo "1969"]
[BlackElo "1604"]
[Annotator "NA"]
[PlyCount "77"]
[EventDate "2018.10.20"]
[EventType "swiss"]
[EventCountry "GRE"]
[SourceTitle "playchess.com"]
[Source "ChessBase"]
[SourceQuality "1"]
[TimeControl "40/5400+30:1800+30"]

1. d4 d5 2. c4 c6 3. Nc3 e6 4. e3 Nf6 5. Bd3 Be7 6. Nge2 Nbd7 7. O-O a6 8. a4 dxc4 9. Bxc4 b6 10. f3 Qc7 11. e4 Bb7 12. Bf4 e5 13. Be3 Rd8 14. Qc2 O-O 15. h3 exd4 16. Nxd4 Bc5 17. Nf5 Bxe3+ 18. Nxe3 b5 19. Ba2 Qb6 20. Qf2 Nc5 21. a5 Qc7 22. Qc2 Nd3 23. Ncd5 Nxd5 24. Nxd5 Qe5 25. Qxd3 cxd5 26. exd5 Bxd5 27. Rfd1 Bc6 28. Qxd8 Rxd8 29. Rxd8+ Be8 30. Kf1 g6 31. Re1 Qxb2 32. Rdxe8+ Kg7 33. R8e2 Qb4 34. Re7 Qxa5 35. Bxf7 Kh6 36. Bg8 b4 37. h4 Qb5+ 38. Kg1 Qc5+ 39. Kh1 1-0

[Event "WYCC 2018 G14"]
[Site "Halkidiki"]
[Date "2018.10.20"]
[Round "1"]
[White "Randrianarimanana, Alicia"]
[Black "Yan, Ashley Mei"]
[Result "1-0"]
[ECO "D05"]
[WhiteElo "1947"]
[BlackElo "1565"]
[Annotator "NA"]
[PlyCount "125"]
[EventDate "2018.10.20"]
[EventType "swiss"]
[EventCountry "GRE"]
[SourceTitle "playchess.com"]
[Source "ChessBase"]
[SourceQuality "1"]
[TimeControl "40/5400+30:1800+30"]

1. d4 d5 2. Nf3 Nf6 3. e3 e6 4. Bd3 Be7 5. O-O O-O 6. b3 c5 7. Bb2 Nc6 8. Ne5 cxd4 9. exd4 Nb4 10. Be2 Qc7 11. c3 Nc6 12. f4 b6 13. Nd2 Bb7 14. Bd3 Rac8 15. Qe2 Bd6 16. Rae1 Qe7 17. Rf3 Rfe8 18. Rh3 g6 19. Ndf3 Nh5 20. Rxh5 gxh5 21. Ng5 Nxe5 22. dxe5 Bc5+ 23. Kh1 Qf8 24. Nxh7 Qh6 25. Nf6+ Kh8 26. Nxe8 Rxe8 27. Bc1 Be7 28. Be3 h4 29. Qd2 Rg8 30. Bd4 Bc5 31. Qf2 Bxd4 32. cxd4 Rg4 33. Rf1 Qf8 34. Be2 Rg7 35. Qxh4+ Rh7 36. Qf6+ Qg7 37. Qxg7+ Kxg7 38. Bd3 Rh8 39. Rc1 Rc8 40. Rxc8 Bxc8 41. Kg1 f6 42. Kf2 f5 43. Kg3 Kh6 44. Kh4 Bd7 45. h3 Kg6 46. g4 Kh6 47. g5+ Kg6 48. Kg3 Be8 49. Be2 Kh7 50. Kh4 a5 51. Bh5 Bb5 52. Bf7 Bd7 53. g6+ Kh6 54. a3 b5 55. b4 a4 56. Kg3 Kg7 57. h4 Kh6 58. h5 Kg7 59. Kh3 Kh6 60. Kh4 Kg7 61. Kg5 Kf8 62. Kf6 Be8 63. g7# 1-0

[Event "WYCC 2018 G14"]
[Site "Halkidiki"]
[Date "2018.10.20"]
[Round "1"]
[White "Zhu, Evelyn"]
[Black "Pandey, Divya"]
[Result "1-0"]
[ECO "D48"]
[WhiteElo "1926"]
[BlackElo "1523"]
[Annotator "NA"]
[PlyCount "127"]
[EventDate "2018.10.20"]
[EventType "swiss"]
[EventCountry "GRE"]
[SourceTitle "playchess.com"]
[Source "ChessBase"]
[SourceQuality "1"]
[TimeControl "40/5400+30:1800+30"]

1. d4 d5 2. c4 c6 3. Nc3 Nf6 4. e3 e6 5. Nf3 Nbd7 6. Bd3 dxc4 7. Bxc4 b5 8. Bd3 a6 9. a4 b4 10. Ne4 a5 11. O-O Ba6 12. Nxf6+ Nxf6 13. Bxa6 Rxa6 14. Qe2 Rb6 15. e4 Be7 16. Rd1 O-O 17. Ne5 Qa8 18. Bg5 Qb7 19. Rac1 Ra6 20. Nd3 Ra7 21. Ne5 Rc8 22. Qf3 Bd8 23. Nd3 Ne8 24. Nc5 Qa8 25. Bf4 Bc7 26. Nd3 Bxf4 27. Qxf4 Nf6 28. Ne5 Rac7 29. Rc5 Ne8 30. Nc4 Ra7 31. Qe5 Qb8 32. Qxb8 Rxb8 33. Rxc6 Rd8 34. f3 Rad7 35. b3 Rxd4 36. Rxd4 Rxd4 37. Nxa5 Kf8 38. Rb6 Nc7 39. Rb8+ Ne8 40. Nc6 Rd6 41. Nxb4 Ke7 42. Rb7+ Kd8 43. a5 Nc7 44. Rb8+ Kd7 45. Kf2 Rd4 46. a6 Rd1 47. Ke2 Ra1 48. Kd2 Kd6 49. Kc3 Kc5 50. Kb2 Ra5 51. Rb7 Kd6 52. Rb6+ Kd7 53. Nc6 Rb5 54. Rxb5 Nxb5 55. a7 Nc7 56. Nb8+ Kc8 57. Na6 Na8 58. Nc5 Kc7 59. Kc3 e5 60. Kc4 Kc6 61. Na4 Nc7 62. b4 Kb7 63. b5 Na8 64. b6 1-0

[Event "WYCC 2018 G14"]
[Site "Halkidiki"]
[Date "2018.10.20"]
[Round "1"]
[White "Rodriguez Redondo, Adhara"]
[Black "Woods, Charisse"]
[Result "1/2-1/2"]
[ECO "B32"]
[WhiteElo "1911"]
[BlackElo "1511"]
[Annotator "NA"]
[PlyCount "139"]
[EventDate "2018.10.20"]
[EventType "swiss"]
[EventCountry "GRE"]
[SourceTitle "playchess.com"]
[Source "ChessBase"]
[SourceQuality "1"]
[TimeControl "40/5400+30:1800+30"]

1. e4 c5 2. Nf3 Nc6 3. d4 cxd4 4. Nxd4 e5 5. Nb5 d6 6. N1c3 a6 7. Na3 b5 8. Nd5 Nf6 9. Bg5 Be7 10. Bxf6 Bxf6 11. g3 O-O 12. h4 Be6 13. Bg2 Rc8 14. c3 Be7 15. Nc2 Na5 16. O-O f5 17. Bh3 Nc4 18. Rb1 Kh8 19. Nce3 Nxe3 20. fxe3 Bxd5 21. Qxd5 Rc5 22. Qd3 fxe4 23. Qxe4 Rc4 24. Qd3 Rf6 25. Rxf6 Bxf6 26. Rd1 Be7 27. Be6 Rc5 28. Bd5 Qd7 29. Qe4 Qh3 30. Qf3 Rc8 31. Rf1 g6 32. Qg2 Qd7 33. Rf7 Qa7 34. Qf3 Qc7 35. h5 Rg8 36. hxg6 Rxg6 37. Be4 Rg7 38. Rf5 Qd8 39. Bd5 a5 40. Kg2 b4 41. c4 Qe8 42. Bf7 Qd8 43. Bd5 Qe8 44. b3 Qd8 45. Be4 Qe8 46. Kh2 Rg5 47. Rf7 Rg7 48. Rxg7 Kxg7 49. Kg2 h6 50. Qf5 Bg5 51. Qh7+ Kf6 52. Qc7 Qe7 53. Qxa5 Bxe3 54. Qxb4 Qf8 55. Qe1 Bd4 56. Qf1+ Ke7 57. Qxf8+ Kxf8 58. b4 Ke7 59. Kf3 Kd7 60. a4 Kc7 61. Bc2 Bc3 62. Ke4 Bxb4 63. Kd5 h5 64. Bd1 Be1 65. Bxh5 Bxg3 66. c5 dxc5 67. Kxc5 Be1 68. Kb5 e4 69. a5 Bxa5 70. Kxa5 1/2-1/2

[Event "WYCC 2018 G14"]
[Site "Halkidiki"]
[Date "2018.10.20"]
[Round "1"]
[White "Nguyen, Thien Ngan"]
[Black "Apostolakaki, Evangelia"]
[Result "1-0"]
[ECO "C54"]
[WhiteElo "1888"]
[BlackElo "1499"]
[Annotator "NA"]
[PlyCount "61"]
[EventDate "2018.10.20"]
[EventType "swiss"]
[EventCountry "GRE"]
[SourceTitle "playchess.com"]
[Source "ChessBase"]
[SourceQuality "1"]
[TimeControl "40/5400+30:1800+30"]

1. e4 e5 2. Nf3 Nc6 3. Bc4 Bc5 4. c3 Nf6 5. d3 a6 6. a4 d6 7. Bg5 Ba7 8. O-O h6 9. Bh4 Be6 10. Bxe6 fxe6 11. d4 g5 12. Bg3 g4 13. dxe5 Nxe4 14. Nd4 Bxd4 15. cxd4 Nxg3 16. hxg3 h5 17. Qd3 dxe5 18. Qg6+ Kd7 19. dxe5 Qg8 20. Rd1+ Kc8 21. Qf6 Qe8 22. Nc3 Rf8 23. Qh6 Nxe5 24. Re1 Rh8 25. Qg7 Nf7 26. Nd5 Kb8 27. Rac1 c6 28. Nb6 Ra7 29. Rcd1 Rg8 30. Qf6 Ng5 31. Qe5# 1-0

[Event "WYCC 2018 G14"]
[Site "Halkidiki"]
[Date "2018.10.20"]
[Round "1"]
[White "Ehsani, Yassamin"]
[Black "Lobanova, Milana"]
[Result "1-0"]
[ECO "B24"]
[WhiteElo "1875"]
[BlackElo "1461"]
[Annotator "NA"]
[PlyCount "95"]
[EventDate "2018.10.20"]
[EventType "swiss"]
[EventCountry "GRE"]
[SourceTitle "playchess.com"]
[Source "ChessBase"]
[SourceQuality "1"]
[TimeControl "40/5400+30:1800+30"]

1. e4 c5 2. Nc3 Nc6 3. Bb5 d6 4. Bxc6+ bxc6 5. Nge2 Nf6 6. O-O e6 7. d3 Be7 8. b3 O-O 9. f4 Ne8 10. Be3 d5 11. Na4 d4 12. Bc1 Nc7 13. Ba3 Na6 14. Ng3 Nb4 15. Qe2 f6 16. Bb2 e5 17. f5 Na6 18. Nh1 Nc7 19. Rf3 Qe8 20. Rh3 g5 21. Rh5 Kg7 22. h4 h6 23. Qg4 Bd7 24. Rf1 Kh7 25. hxg5 fxg5 26. Qh3 Rf6 27. Rxg5 Qf7 28. Rg6 Bf8 29. Nxc5 Be8 30. Rxf6 Qxf6 31. Ne6 Nxe6 32. fxe6 Qg7 33. Ng3 Bg6 34. Nf5 Bxf5 35. Qxf5+ Kg8 36. Qf7+ Qxf7 37. Rxf7 Re8 38. Rxa7 Rxe6 39. a4 Bc5 40. Ra8+ Kf7 41. Bc1 Bb4 42. a5 Bc5 43. Bd2 h5 44. b4 Bd6 45. a6 Re7 46. a7 Ke6 47. Bg5 Rg7 48. Re8+ 1-0